Workbook

Sheet Actual vs Budget
B2: Variance Analysis - Actual Vs Budget
B4: (Change Months here to Check Variance)
B5: 44409 | C5: Month (MTH) | J5: Year to Date (YTD)
B6: Particular | C6: Actuals | E6: Budget | G6: Variance | J6: Actuals | L6: Budget | N6: Variance
C7: Rs. Cr | D7: % | E7: Rs. Cr | F7: % Sales | G7: Rs. Cr | H7: % Variance | J7: Rs. Cr | K7: % Sales | L7: Rs. Cr | M7: % Sales | N7: Rs. Cr | O7: % Variance
B8: Gross Sales | C8: =HLOOKUP($B$5,Actual!$C$6:$N$18,Actual!AC7,TRUE) -> 111 | E8: =HLOOKUP($B$5,Budget!$C$6:$N$18,Budget!AC7,TRUE) -> 114 | G8: =C8-E8 -> -3 | H8: =G8/E8 -> -0.026315789 | J8: =HLOOKUP($B$5,Actual!$P$6:$AA$18,Actual!AC7,1) -> 581 | L8: =HLOOKUP('Actual vs Budget'!$B$5,Budget!$P$6:$AA$18,Budget!AC7,TRUE) -> 584 | N8: =J8-L8 -> -3 | O8: =N8/L8 -> -0.0051369863
B9: Less: Discount | C9: =HLOOKUP($B$5,Actual!$C$6:$N$18,Actual!AC8,TRUE) -> 15 | D9: =C9/$C$8 -> 0.13513514 | E9: =HLOOKUP($B$5,Budget!$C$6:$N$18,Budget!AC8,TRUE) -> 11 | F9: =E9/$E$8 -> 0.096491228 | G9: =E9-C9 -> -4 | H9: =G9/C9 -> -0.26666667 | J9: =HLOOKUP($B$5,Actual!$P$6:$AA$18,Actual!AC8,1) -> 67 | K9: =J9/$J$8 -> 0.11531842 | L9: =HLOOKUP('Actual vs Budget'!$B$5,Budget!$P$6:$AA$18,Budget!AC8,TRUE) -> 57 | M9: =L9/$L$8 -> 0.09760274 | N9: =L9-J9 -> -10 | O9: =N9/J9 -> -0.14925373
B10: Net Sales | C10: =HLOOKUP($B$5,Actual!$C$6:$N$18,Actual!AC9,TRUE) -> 96 | E10: =HLOOKUP($B$5,Budget!$C$6:$N$18,Budget!AC9,TRUE) -> 103 | G10: =C10-E10 -> -7 | H10: =G10/E10 -> -0.067961165 | J10: =HLOOKUP($B$5,Actual!$P$6:$AA$18,Actual!AC9,1) -> 514 | L10: =HLOOKUP('Actual vs Budget'!$B$5,Budget!$P$6:$AA$18,Budget!AC9,TRUE) -> 527 | N10: =J10-L10 -> -13 | O10: =N10/L10 -> -0.024667932
B11: Less: Cost of Good Sold | C11: =HLOOKUP($B$5,Actual!$C$6:$N$18,Actual!AC10,TRUE) -> 48 | D11: =C11/$C$10 -> 0.5 | E11: =HLOOKUP($B$5,Budget!$C$6:$N$18,Budget!AC10,TRUE) -> 48 | F11: =E11/$E$10 -> 0.46601942 | G11: =E11-C11 -> 0 | H11: =G11/C11 -> 0 | J11: =HLOOKUP($B$5,Actual!$P$6:$AA$18,Actual!AC10,1) -> 232 | K11: =J11/$J$10 -> 0.45136187 | L11: =HLOOKUP('Actual vs Budget'!$B$5,Budget!$P$6:$AA$18,Budget!AC10,TRUE) -> 242 | M11: =L11/$L$10 -> 0.45920304 | N11: =L11-J11 -> 10 | O11: =N11/J11 -> 0.043103448
B12: Raw Material / Packaging Material Cost | C12: =HLOOKUP($B$5,Actual!$C$6:$N$18,Actual!AC11,TRUE) -> 40 | D12: =C12/$C$10 -> 0.41666667 | E12: =HLOOKUP($B$5,Budget!$C$6:$N$18,Budget!AC11,TRUE) -> 38 | F12: =E12/$E$10 -> 0.36893204 | G12: =E12-C12 -> -2 | H12: =G12/C12 -> -0.05 | J12: =HLOOKUP($B$5,Actual!$P$6:$AA$18,Actual!AC11,1) -> 188 | K12: =J12/$J$10 -> 0.36575875 | L12: =HLOOKUP('Actual vs Budget'!$B$5,Budget!$P$6:$AA$18,Budget!AC11,TRUE) -> 187 | M12: =L12/$L$10 -> 0.35483871 | N12: =L12-J12 -> -1 | O12: =N12/J12 -> -0.0053191489
B13: Labour Cost | C13: =HLOOKUP($B$5,Actual!$C$6:$N$18,Actual!AC12,TRUE) -> 7 | D13: =C13/$C$10 -> 0.072916667 | E13: =HLOOKUP($B$5,Budget!$C$6:$N$18,Budget!AC12,TRUE) -> 8 | F13: =E13/$E$10 -> 0.077669903 | G13: =E13-C13 -> 1 | H13: =G13/C13 -> 0.14285714 | J13: =HLOOKUP($B$5,Actual!$P$6:$AA$18,Actual!AC12,1) -> 38 | K13: =J13/$J$10 -> 0.073929961 | L13: =HLOOKUP('Actual vs Budget'!$B$5,Budget!$P$6:$AA$18,Budget!AC12,TRUE) -> 43 | M13: =L13/$L$10 -> 0.081593928 | N13: =L13-J13 -> 5 | O13: =N13/J13 -> 0.13157895
B14: Other Manufacturing Cost | C14: =HLOOKUP($B$5,Actual!$C$6:$N$18,Actual!AC13,TRUE) -> 1 | D14: =C14/$C$10 -> 0.010416667 | E14: =HLOOKUP($B$5,Budget!$C$6:$N$18,Budget!AC13,TRUE) -> 2 | F14: =E14/$E$10 -> 0.019417476 | G14: =E14-C14 -> 1 | H14: =G14/C14 -> 1 | J14: =HLOOKUP($B$5,Actual!$P$6:$AA$18,Actual!AC13,1) -> 6 | K14: =J14/$J$10 -> 0.011673152 | L14: =HLOOKUP('Actual vs Budget'!$B$5,Budget!$P$6:$AA$18,Budget!AC13,TRUE) -> 12 | M14: =L14/$L$10 -> 0.022770398 | N14: =L14-J14 -> 6 | O14: =N14/J14 -> 1
B15: Gross Profit | C15: =HLOOKUP($B$5,Actual!$C$6:$N$18,Actual!AC14,TRUE) -> 48 | D15: =C15/$C$10 -> 0.5 | E15: =HLOOKUP($B$5,Budget!$C$6:$N$18,Budget!AC14,TRUE) -> 55 | F15: =E15/$E$10 -> 0.53398058 | G15: =C15-E15 -> -7 | H15: =G15/C15 -> -0.14583333 | J15: =HLOOKUP($B$5,Actual!$P$6:$AA$18,Actual!AC14,1) -> 282 | K15: =J15/$J$10 -> 0.54863813 | L15: =HLOOKUP('Actual vs Budget'!$B$5,Budget!$P$6:$AA$18,Budget!AC14,TRUE) -> 285 | M15: =L15/$L$10 -> 0.54079696 | N15: =J15-L15 -> -3 | O15: =N15/J15 -> -0.010638298
B16: Less: Overheads | C16: =HLOOKUP($B$5,Actual!$C$6:$N$18,Actual!AC15,TRUE) -> 11 | D16: =C16/$C$10 -> 0.11458333 | E16: =HLOOKUP($B$5,Budget!$C$6:$N$18,Budget!AC15,TRUE) -> 10 | F16: =E16/$E$10 -> 0.097087379 | G16: =E16-C16 -> -1 | H16: =G16/C16 -> -0.090909091 | J16: =HLOOKUP($B$5,Actual!$P$6:$AA$18,Actual!AC15,1) -> 46 | K16: =J16/$J$10 -> 0.089494163 | L16: =HLOOKUP('Actual vs Budget'!$B$5,Budget!$P$6:$AA$18,Budget!AC15,TRUE) -> 48 | M16: =L16/$L$10 -> 0.091081594 | N16: =L16-J16 -> 2 | O16: =N16/J16 -> 0.043478261
B17: Administrative Overheads | C17: =HLOOKUP($B$5,Actual!$C$6:$N$18,Actual!AC16,TRUE) -> 4 | D17: =C17/$C$10 -> 0.041666667 | E17: =HLOOKUP($B$5,Budget!$C$6:$N$18,Budget!AC16,TRUE) -> 3 | F17: =E17/$E$10 -> 0.029126214 | G17: =E17-C17 -> -1 | H17: =G17/C17 -> -0.25 | J17: =HLOOKUP($B$5,Actual!$P$6:$AA$18,Actual!AC16,1) -> 15 | K17: =J17/$J$10 -> 0.029182879 | L17: =HLOOKUP('Actual vs Budget'!$B$5,Budget!$P$6:$AA$18,Budget!AC16,TRUE) -> 15 | M17: =L17/$L$10 -> 0.028462998 | N17: =L17-J17 -> 0 | O17: =N17/J17 -> 0
B18: Selling and Distribution Overheads | C18: =HLOOKUP($B$5,Actual!$C$6:$N$18,Actual!AC17,TRUE) -> 7 | D18: =C18/$C$10 -> 0.072916667 | E18: =HLOOKUP($B$5,Budget!$C$6:$N$18,Budget!AC17,TRUE) -> 7 | F18: =E18/$E$10 -> 0.067961165 | G18: =E18-C18 -> 0 | H18: =G18/C18 -> 0 | J18: =HLOOKUP($B$5,Actual!$P$6:$AA$18,Actual!AC17,1) -> 31 | K18: =J18/$J$10 -> 0.060311284 | L18: =HLOOKUP('Actual vs Budget'!$B$5,Budget!$P$6:$AA$18,Budget!AC17,TRUE) -> 33 | M18: =L18/$L$10 -> 0.062618596 | N18: =L18-J18 -> 2 | O18: =N18/J18 -> 0.064516129
B19: Net Profits | C19: =C15-C16 -> 37 | D19: =C19/$C$10 -> 0.38541667 | E19: =E15-E16 -> 45 | F19: =E19/$E$10 -> 0.4368932 | G19: =SUM(G8:G18) -> -23 | H19: =G19/C19 -> -0.62162162 | J19: =J15-J16 -> 236 | K19: =J19/$J$10 -> 0.45914397 | L19: =L15-L16 -> 237 | M19: =L19/$L$10 -> 0.44971537 | N19: =SUM(N8:N18) -> -5

Sheet Backend Support
B3: 44287
B4: 44317
B5: 44348
B6: 44378
B7: 44409
B8: 44440
B9: 44470
B10: 44501
B11: 44531
B12: 44562
B13: 44593
B14: 44621

Sheet Budget
B2: Budget Data
B3: Note: These are dummy data taken for learning purpose.
C5: Budget | P5: Budget YTD | AC5: Lookup Reference
B6: Particular | C6: 44287 | D6: 44317 | E6: 44348 | F6: 44378 | G6: 44409 | H6: 44440 | I6: 44470 | J6: 44501 | K6: 44531 | L6: 44562 | M6: 44593 | N6: 44621 | P6: 44287 | Q6: 44317 | R6: 44348 | S6: 44378 | T6: 44409 | U6: 44440 | V6: 44470 | W6: 44501 | X6: 44531 | Y6: 44562 | Z6: 44593 | AA6: 44621 | AC6: 1
B7: Gross Sales | C7: 115 | D7: 117 | E7: 119 | F7: 119 | G7: 114 | H7: 112 | I7: 111 | J7: 118 | K7: 110 | L7: 116 | M7: 114 | N7: 110 | P7: =IFERROR(SUM($C7:C7),0) -> 115 | Q7: =IFERROR(SUM($C7:D7),0) -> 232 | R7: =IFERROR(SUM($C7:E7),0) -> 351 | S7: =IFERROR(SUM($C7:F7),0) -> 470 | T7: =IFERROR(SUM($C7:G7),0) -> 584 | U7: =IFERROR(SUM($C7:H7),0) -> 696 | V7: =IFERROR(SUM($C7:I7),0) -> 807 | W7: =IFERROR(SUM($C7:J7),0) -> 925 | ... AA7: =IFERROR(SUM($C7:N7),0) -> 1375 | AC7: =+AC6+1 -> 2
B8: Less: Discount | C8: 10 | D8: 15 | E8: 10 | F8: 11 | G8: 11 | H8: 13 | I8: 10 | J8: 15 | K8: 10 | L8: 13 | M8: 13 | N8: 12 | P8: =IFERROR(SUM($C8:C8),0) -> 10 | Q8: =IFERROR(SUM($C8:D8),0) -> 25 | R8: =IFERROR(SUM($C8:E8),0) -> 35 | S8: =IFERROR(SUM($C8:F8),0) -> 46 | T8: =IFERROR(SUM($C8:G8),0) -> 57 | U8: =IFERROR(SUM($C8:H8),0) -> 70 | V8: =IFERROR(SUM($C8:I8),0) -> 80 | W8: =IFERROR(SUM($C8:J8),0) -> 95 | ... AA8: =IFERROR(SUM($C8:N8),0) -> 143 | AC8: =+AC7+1 -> 3
B9: Net Sales | C9: =C7-C8 -> 105 | D9: =D7-D8 -> 102 | E9: =E7-E8 -> 109 | F9: =F7-F8 -> 108 | G9: =G7-G8 -> 103 | H9: =H7-H8 -> 99 | I9: =I7-I8 -> 101 | J9: =J7-J8 -> 103 | ... N9: =N7-N8 -> 98 | P9: =IFERROR(SUM($C9:C9),0) -> 105 | Q9: =IFERROR(SUM($C9:D9),0) -> 207 | R9: =IFERROR(SUM($C9:E9),0) -> 316 | S9: =IFERROR(SUM($C9:F9),0) -> 424 | T9: =IFERROR(SUM($C9:G9),0) -> 527 | U9: =IFERROR(SUM($C9:H9),0) -> 626 | V9: =IFERROR(SUM($C9:I9),0) -> 727 | W9: =IFERROR(SUM($C9:J9),0) -> 830 | ... AA9: =IFERROR(SUM($C9:N9),0) -> 1232 | AC9: =+AC8+1 -> 4
B10: Less: Cost of Good Sold | C10: 45 | D10: 49 | E10: 51 | F10: 49 | G10: 48 | H10: 43 | I10: 45 | J10: 44 | K10: 49 | L10: 45 | M10: 48 | N10: 45 | P10: =IFERROR(SUM($C10:C10),0) -> 45 | Q10: =IFERROR(SUM($C10:D10),0) -> 94 | R10: =IFERROR(SUM($C10:E10),0) -> 145 | S10: =IFERROR(SUM($C10:F10),0) -> 194 | T10: =IFERROR(SUM($C10:G10),0) -> 242 | U10: =IFERROR(SUM($C10:H10),0) -> 285 | V10: =IFERROR(SUM($C10:I10),0) -> 330 | W10: =IFERROR(SUM($C10:J10),0) -> 374 | ... AA10: =IFERROR(SUM($C10:N10),0) -> 561 | AC10: =+AC9+1 -> 5
B11: Raw Material / Packaging Material Cost | C11: 35 | D11: 37 | E11: 40 | F11: 37 | G11: 38 | H11: 35 | I11: 35 | J11: 36 | K11: 39 | L11: 36 | M11: 39 | N11: 35 | P11: =IFERROR(SUM($C11:C11),0) -> 35 | Q11: =IFERROR(SUM($C11:D11),0) -> 72 | R11: =IFERROR(SUM($C11:E11),0) -> 112 | S11: =IFERROR(SUM($C11:F11),0) -> 149 | T11: =IFERROR(SUM($C11:G11),0) -> 187 | U11: =IFERROR(SUM($C11:H11),0) -> 222 | V11: =IFERROR(SUM($C11:I11),0) -> 257 | W11: =IFERROR(SUM($C11:J11),0) -> 293 | ... AA11: =IFERROR(SUM($C11:N11),0) -> 442 | AC11: =+AC10+1 -> 6
B12: Labour Cost | C12: 9 | D12: 9 | E12: 8 | F12: 9 | G12: 8 | H12: 7 | I12: 7 | J12: 7 | K12: 8 | L12: 7 | M12: 8 | N12: 8 | P12: =IFERROR(SUM($C12:C12),0) -> 9 | Q12: =IFERROR(SUM($C12:D12),0) -> 18 | R12: =IFERROR(SUM($C12:E12),0) -> 26 | S12: =IFERROR(SUM($C12:F12),0) -> 35 | T12: =IFERROR(SUM($C12:G12),0) -> 43 | U12: =IFERROR(SUM($C12:H12),0) -> 50 | V12: =IFERROR(SUM($C12:I12),0) -> 57 | W12: =IFERROR(SUM($C12:J12),0) -> 64 | ... AA12: =IFERROR(SUM($C12:N12),0) -> 95 | AC12: =+AC11+1 -> 7
B13: Other Manufacturing Cost | C13: 1 | D13: 3 | E13: 3 | F13: 3 | G13: 2 | H13: 1 | I13: 3 | J13: 1 | K13: 2 | L13: 2 | M13: 1 | N13: 2 | P13: =IFERROR(SUM($C13:C13),0) -> 1 | Q13: =IFERROR(SUM($C13:D13),0) -> 4 | R13: =IFERROR(SUM($C13:E13),0) -> 7 | S13: =IFERROR(SUM($C13:F13),0) -> 10 | T13: =IFERROR(SUM($C13:G13),0) -> 12 | U13: =IFERROR(SUM($C13:H13),0) -> 13 | V13: =IFERROR(SUM($C13:I13),0) -> 16 | W13: =IFERROR(SUM($C13:J13),0) -> 17 | ... AA13: =IFERROR(SUM($C13:N13),0) -> 24 | AC13: =+AC12+1 -> 8
B14: Gross Profit | C14: =C9-C10 -> 60 | D14: =D9-D10 -> 53 | E14: =E9-E10 -> 58 | F14: =F9-F10 -> 59 | G14: =G9-G10 -> 55 | H14: =H9-H10 -> 56 | I14: =I9-I10 -> 56 | J14: =J9-J10 -> 59 | ... N14: =N9-N10 -> 53 | P14: =IFERROR(SUM($C14:C14),0) -> 60 | Q14: =IFERROR(SUM($C14:D14),0) -> 113 | R14: =IFERROR(SUM($C14:E14),0) -> 171 | S14: =IFERROR(SUM($C14:F14),0) -> 230 | T14: =IFERROR(SUM($C14:G14),0) -> 285 | U14: =IFERROR(SUM($C14:H14),0) -> 341 | V14: =IFERROR(SUM($C14:I14),0) -> 397 | W14: =IFERROR(SUM($C14:J14),0) -> 456 | ... AA14: =IFERROR(SUM($C14:N14),0) -> 671 | AC14: =+AC13+1 -> 9
B15: Less: Overheads | C15: 11 | D15: 10 | E15: 8 | F15: 9 | G15: 10 | H15: 9 | I15: 8 | J15: 7 | K15: 8 | L15: 9 | M15: 8 | N15: 9 | P15: =IFERROR(SUM($C15:C15),0) -> 11 | Q15: =IFERROR(SUM($C15:D15),0) -> 21 | R15: =IFERROR(SUM($C15:E15),0) -> 29 | S15: =IFERROR(SUM($C15:F15),0) -> 38 | T15: =IFERROR(SUM($C15:G15),0) -> 48 | U15: =IFERROR(SUM($C15:H15),0) -> 57 | V15: =IFERROR(SUM($C15:I15),0) -> 65 | W15: =IFERROR(SUM($C15:J15),0) -> 72 | ... AA15: =IFERROR(SUM($C15:N15),0) -> 106 | AC15: =+AC14+1 -> 10
B16: Administrative Overheads | C16: 4 | D16: 3 | E16: 2 | F16: 3 | G16: 3 | H16: 4 | I16: 3 | J16: 2 | K16: 2 | L16: 4 | M16: 3 | N16: 3 | P16: =IFERROR(SUM($C16:C16),0) -> 4 | Q16: =IFERROR(SUM($C16:D16),0) -> 7 | R16: =IFERROR(SUM($C16:E16),0) -> 9 | S16: =IFERROR(SUM($C16:F16),0) -> 12 | T16: =IFERROR(SUM($C16:G16),0) -> 15 | U16: =IFERROR(SUM($C16:H16),0) -> 19 | V16: =IFERROR(SUM($C16:I16),0) -> 22 | W16: =IFERROR(SUM($C16:J16),0) -> 24 | ... AA16: =IFERROR(SUM($C16:N16),0) -> 36 | AC16: =+AC15+1 -> 11
B17: Selling and Distribution Overheads | C17: 7 | D17: 7 | E17: 6 | F17: 6 | G17: 7 | H17: 5 | I17: 5 | J17: 5 | K17: 6 | L17: 5 | M17: 5 | N17: 6 | P17: =IFERROR(SUM($C17:C17),0) -> 7 | Q17: =IFERROR(SUM($C17:D17),0) -> 14 | R17: =IFERROR(SUM($C17:E17),0) -> 20 | S17: =IFERROR(SUM($C17:F17),0) -> 26 | T17: =IFERROR(SUM($C17:G17),0) -> 33 | U17: =IFERROR(SUM($C17:H17),0) -> 38 | V17: =IFERROR(SUM($C17:I17),0) -> 43 | W17: =IFERROR(SUM($C17:J17),0) -> 48 | ... AA17: =IFERROR(SUM($C17:N17),0) -> 70 | AC17: =+AC16+1 -> 12
B18: Net Profits | C18: =C14-C15 -> 49 | D18: =D14-D15 -> 43 | E18: =E14-E15 -> 50 | F18: =F14-F15 -> 50 | G18: =G14-G15 -> 45 | H18: =H14-H15 -> 47 | I18: =I14-I15 -> 48 | J18: =J14-J15 -> 52 | ... N18: =N14-N15 -> 44 | P18: =P14-P15 -> 49 | Q18: =Q14-Q15 -> 92 | R18: =R14-R15 -> 142 | S18: =S14-S15 -> 192 | T18: =T14-T15 -> 237 | U18: =U14-U15 -> 284 | V18: =V14-V15 -> 332 | W18: =W14-W15 -> 384 | ... AA18: =AA14-AA15 -> 565

Sheet Actual
B2: Actual Data
B3: Note: These are dummy data taken for learning purpose.
C5: Actuals | P5: Actuals YTD | AC5: Lookup Reference
B6: Particular | C6: 44287 | D6: 44317 | E6: 44348 | F6: 44378 | G6: 44409 | H6: 44440 | I6: 44470 | J6: 44501 | K6: 44531 | L6: 44562 | M6: 44593 | N6: 44621 | P6: 44287 | Q6: 44317 | R6: 44348 | S6: 44378 | T6: 44409 | U6: 44440 | V6: 44470 | W6: 44501 | X6: 44531 | Y6: 44562 | Z6: 44593 | AA6: 44621 | AC6: 1
B7: Gross Sales | C7: 115 | D7: 120 | E7: 118 | F7: 117 | G7: 111 | H7: 116 | I7: 118 | J7: 112 | K7: 119 | L7: 117 | M7: 110 | N7: 120 | P7: =IFERROR(SUM($C7:C7),0) -> 115 | Q7: =IFERROR(SUM($C7:D7),0) -> 235 | R7: =IFERROR(SUM($C7:E7),0) -> 353 | S7: =IFERROR(SUM($C7:F7),0) -> 470 | T7: =IFERROR(SUM($C7:G7),0) -> 581 | U7: =IFERROR(SUM($C7:H7),0) -> 697 | V7: =IFERROR(SUM($C7:I7),0) -> 815 | W7: =IFERROR(SUM($C7:J7),0) -> 927 | ... AA7: =IFERROR(SUM($C7:N7),0) -> 1393 | AC7: =+AC6+1 -> 2
B8: Less: Discount | C8: 14 | D8: 11 | E8: 12 | F8: 15 | G8: 15 | H8: 14 | I8: 12 | J8: 14 | K8: 14 | L8: 11 | M8: 12 | N8: 15 | P8: =IFERROR(SUM($C8:C8),0) -> 14 | Q8: =IFERROR(SUM($C8:D8),0) -> 25 | R8: =IFERROR(SUM($C8:E8),0) -> 37 | S8: =IFERROR(SUM($C8:F8),0) -> 52 | T8: =IFERROR(SUM($C8:G8),0) -> 67 | U8: =IFERROR(SUM($C8:H8),0) -> 81 | V8: =IFERROR(SUM($C8:I8),0) -> 93 | W8: =IFERROR(SUM($C8:J8),0) -> 107 | ... AA8: =IFERROR(SUM($C8:N8),0) -> 159 | AC8: =+AC7+1 -> 3
B9: Net Sales | C9: =C7-C8 -> 101 | D9: =D7-D8 -> 109 | E9: =E7-E8 -> 106 | F9: =F7-F8 -> 102 | G9: =G7-G8 -> 96 | H9: =H7-H8 -> 102 | I9: =I7-I8 -> 106 | J9: =J7-J8 -> 98 | ... N9: =N7-N8 -> 105 | P9: =IFERROR(SUM($C9:C9),0) -> 101 | Q9: =IFERROR(SUM($C9:D9),0) -> 210 | R9: =IFERROR(SUM($C9:E9),0) -> 316 | S9: =IFERROR(SUM($C9:F9),0) -> 418 | T9: =IFERROR(SUM($C9:G9),0) -> 514 | U9: =IFERROR(SUM($C9:H9),0) -> 616 | V9: =IFERROR(SUM($C9:I9),0) -> 722 | W9: =IFERROR(SUM($C9:J9),0) -> 820 | ... AA9: =IFERROR(SUM($C9:N9),0) -> 1234 | AC9: =+AC8+1 -> 4
B10: Less: Cost of Good Sold | C10: 47 | D10: 45 | E10: 49 | F10: 43 | G10: 48 | H10: 50 | I10: 47 | J10: 46 | K10: 45 | L10: 48 | M10: 50 | N10: 47 | P10: =IFERROR(SUM($C10:C10),0) -> 47 | Q10: =IFERROR(SUM($C10:D10),0) -> 92 | R10: =IFERROR(SUM($C10:E10),0) -> 141 | S10: =IFERROR(SUM($C10:F10),0) -> 184 | T10: =IFERROR(SUM($C10:G10),0) -> 232 | U10: =IFERROR(SUM($C10:H10),0) -> 282 | V10: =IFERROR(SUM($C10:I10),0) -> 329 | W10: =IFERROR(SUM($C10:J10),0) -> 375 | ... AA10: =IFERROR(SUM($C10:N10),0) -> 565 | AC10: =+AC9+1 -> 5
B11: Raw Material / Packaging Material Cost | C11: 39 | D11: 36 | E11: 38 | F11: 35 | G11: 40 | H11: 38 | I11: 38 | J11: 36 | K11: 35 | L11: 37 | M11: 40 | N11: 36 | P11: =IFERROR(SUM($C11:C11),0) -> 39 | Q11: =IFERROR(SUM($C11:D11),0) -> 75 | R11: =IFERROR(SUM($C11:E11),0) -> 113 | S11: =IFERROR(SUM($C11:F11),0) -> 148 | T11: =IFERROR(SUM($C11:G11),0) -> 188 | U11: =IFERROR(SUM($C11:H11),0) -> 226 | V11: =IFERROR(SUM($C11:I11),0) -> 264 | W11: =IFERROR(SUM($C11:J11),0) -> 300 | ... AA11: =IFERROR(SUM($C11:N11),0) -> 448 | AC11: =+AC10+1 -> 6
B12: Labour Cost | C12: 7 | D12: 8 | E12: 9 | F12: 7 | G12: 7 | H12: 9 | I12: 7 | J12: 7 | K12: 9 | L12: 8 | M12: 7 | N12: 8 | P12: =IFERROR(SUM($C12:C12),0) -> 7 | Q12: =IFERROR(SUM($C12:D12),0) -> 15 | R12: =IFERROR(SUM($C12:E12),0) -> 24 | S12: =IFERROR(SUM($C12:F12),0) -> 31 | T12: =IFERROR(SUM($C12:G12),0) -> 38 | U12: =IFERROR(SUM($C12:H12),0) -> 47 | V12: =IFERROR(SUM($C12:I12),0) -> 54 | W12: =IFERROR(SUM($C12:J12),0) -> 61 | ... AA12: =IFERROR(SUM($C12:N12),0) -> 93 | AC12: =+AC11+1 -> 7
B13: Other Manufacturing Cost | C13: 1 | D13: 1 | E13: 2 | F13: 1 | G13: 1 | H13: 3 | I13: 2 | J13: 3 | K13: 1 | L13: 3 | M13: 3 | N13: 3 | P13: =IFERROR(SUM($C13:C13),0) -> 1 | Q13: =IFERROR(SUM($C13:D13),0) -> 2 | R13: =IFERROR(SUM($C13:E13),0) -> 4 | S13: =IFERROR(SUM($C13:F13),0) -> 5 | T13: =IFERROR(SUM($C13:G13),0) -> 6 | U13: =IFERROR(SUM($C13:H13),0) -> 9 | V13: =IFERROR(SUM($C13:I13),0) -> 11 | W13: =IFERROR(SUM($C13:J13),0) -> 14 | ... AA13: =IFERROR(SUM($C13:N13),0) -> 24 | AC13: =+AC12+1 -> 8
B14: Gross Profit | C14: =C9-C10 -> 54 | D14: =D9-D10 -> 64 | E14: =E9-E10 -> 57 | F14: =F9-F10 -> 59 | G14: =G9-G10 -> 48 | H14: =H9-H10 -> 52 | I14: =I9-I10 -> 59 | J14: =J9-J10 -> 52 | ... N14: =N9-N10 -> 58 | P14: =IFERROR(SUM($C14:C14),0) -> 54 | Q14: =IFERROR(SUM($C14:D14),0) -> 118 | R14: =IFERROR(SUM($C14:E14),0) -> 175 | S14: =IFERROR(SUM($C14:F14),0) -> 234 | T14: =IFERROR(SUM($C14:G14),0) -> 282 | U14: =IFERROR(SUM($C14:H14),0) -> 334 | V14: =IFERROR(SUM($C14:I14),0) -> 393 | W14: =IFERROR(SUM($C14:J14),0) -> 445 | ... AA14: =IFERROR(SUM($C14:N14),0) -> 669 | AC14: =+AC13+1 -> 9
B15: Less: Overheads | C15: 9 | D15: 7 | E15: 10 | F15: 9 | G15: 11 | H15: 7 | I15: 9 | J15: 7 | K15: 8 | L15: 9 | M15: 8 | N15: 9 | P15: =IFERROR(SUM($C15:C15),0) -> 9 | Q15: =IFERROR(SUM($C15:D15),0) -> 16 | R15: =IFERROR(SUM($C15:E15),0) -> 26 | S15: =IFERROR(SUM($C15:F15),0) -> 35 | T15: =IFERROR(SUM($C15:G15),0) -> 46 | U15: =IFERROR(SUM($C15:H15),0) -> 53 | V15: =IFERROR(SUM($C15:I15),0) -> 62 | W15: =IFERROR(SUM($C15:J15),0) -> 69 | ... AA15: =IFERROR(SUM($C15:N15),0) -> 103 | AC15: =+AC14+1 -> 10
B16: Administrative Overheads | C16: 3 | D16: 2 | E16: 4 | F16: 2 | G16: 4 | H16: 2 | I16: 2 | J16: 2 | K16: 3 | L16: 3 | M16: 3 | N16: 4 | P16: =IFERROR(SUM($C16:C16),0) -> 3 | Q16: =IFERROR(SUM($C16:D16),0) -> 5 | R16: =IFERROR(SUM($C16:E16),0) -> 9 | S16: =IFERROR(SUM($C16:F16),0) -> 11 | T16: =IFERROR(SUM($C16:G16),0) -> 15 | U16: =IFERROR(SUM($C16:H16),0) -> 17 | V16: =IFERROR(SUM($C16:I16),0) -> 19 | W16: =IFERROR(SUM($C16:J16),0) -> 21 | ... AA16: =IFERROR(SUM($C16:N16),0) -> 34 | AC16: =+AC15+1 -> 11
B17: Selling and Distribution Overheads | C17: 6 | D17: 5 | E17: 6 | F17: 7 | G17: 7 | H17: 5 | I17: 7 | J17: 5 | K17: 5 | L17: 6 | M17: 5 | N17: 5 | P17: =IFERROR(SUM($C17:C17),0) -> 6 | Q17: =IFERROR(SUM($C17:D17),0) -> 11 | R17: =IFERROR(SUM($C17:E17),0) -> 17 | S17: =IFERROR(SUM($C17:F17),0) -> 24 | T17: =IFERROR(SUM($C17:G17),0) -> 31 | U17: =IFERROR(SUM($C17:H17),0) -> 36 | V17: =IFERROR(SUM($C17:I17),0) -> 43 | W17: =IFERROR(SUM($C17:J17),0) -> 48 | ... AA17: =IFERROR(SUM($C17:N17),0) -> 69 | AC17: =+AC16+1 -> 12
B18: Net Profits | C18: =C14-C15 -> 45 | D18: =D14-D15 -> 57 | E18: =E14-E15 -> 47 | F18: =F14-F15 -> 50 | G18: =G14-G15 -> 37 | H18: =H14-H15 -> 45 | I18: =I14-I15 -> 50 | J18: =J14-J15 -> 45 | ... N18: =N14-N15 -> 49 | P18: =P14-P15 -> 45 | Q18: =Q14-Q15 -> 102 | R18: =R14-R15 -> 149 | S18: =S14-S15 -> 199 | T18: =T14-T15 -> 236 | U18: =U14-U15 -> 281 | V18: =V14-V15 -> 331 | W18: =W14-W15 -> 376 | ... AA18: =AA14-AA15 -> 566
